[Event "*** Titled Tuesday Blitz"]
[Site "Chess.com"]
[Date "2020.10.20"]
[Round "7"]
[White "harvsp123"]
[Black "Goryachkina"]
[Result "1-0"]
[WhiteElo "2483"]
[BlackElo "2656"]
[TimeControl "180+1"]
[EndTime "11:17:59 PDT"]
[Termination "harvsp123 won by resignation"]

1. e4 e6 2. d4 d5 3. Nc3 Nf6 4. Bg5 dxe4 5. Nxe4 Be7 6. Bxf6 gxf6 7. g3 Nc6 8. Nf3 e5 9. Bb5 Qd5 10. Qe2 O-O 11.
Bc4 Qa5+ 12. c3 f5 13. Ned2 e4 14. Nh4 Be6 15. Qh5 b5 16. Bb3 Bxh4 17. gxh4 b4 18. Qg5+ 1-0

[Event "*** Titled Tuesday Blitz"]
[Site "Chess.com"]
[Date "2020.10.20"]
[Round "7"]
[White "rugbyclub"]
[Black "PawnEatingZombie"]
[Result "0-1"]
[WhiteElo "2171"]
[BlackElo "2159"]
[TimeControl "180+1"]
[EndTime "11:17:59 PDT"]
[Termination "PawnEatingZombie won by resignation"]

1. e4 c6 2. d4 d5 3. e5 Bf5 4. Nf3 e6 5. Be2 Nd7 6. O-O Bg6 7. Be3 Nh6 8. h3 Nf5 9. c4 dxc4 10. Bxc4 Ne7 11.
Nc3 Nd5 12. Nxd5 cxd5 13. Bb5 a6 14. Ba4 Be7 15. Rc1 O-O 16. Nd2 b5 17. Bc2 Nb6 18.
f4 Bxc2 19. Qxc2 Rc8 20. Qd3 f5 21. g4 g6 22. b3 Qd7 23. Nf3 Ba3 24. Rxc8 Rxc8 25.
gxf5 gxf5 26. Kh2 Kh8 27. Rg1 Rg8 28. Rxg8+ Kxg8 29. Qc2 h6 30. Bf2 Qc8 31. Qe2 Qc3 32. Bh4 Qb2 33. Qg2+ Qxg2+ 34. Kxg2 Bb2 35. Kf2 Kf7 36.
Ke2 Bc1 37. Bg3 Nc8 38. Ne1 Ne7 39. Nd3 Ba3 40. Bh4 Nc6 41. Be1 Nxd4+ 0-1

[Event "*** Titled Tuesday Blitz"]
[Site "Chess.com"]
[Date "2020.10.20"]
[Round "7"]
[White "Gloomy_Wanderer"]
[Black "andresgv36"]
[Result "1-0"]
[WhiteElo "2696"]
[BlackElo "2424"]
[TimeControl "180+1"]
[EndTime "11:18:05 PDT"]
[Termination "Gloomy_Wanderer won by resignation"]

1. d4 Nf6 2. Nf3 g6 3. c4 Bg7 4. g3 d6 5. Bg2 O-O 6. O-O Nbd7 7. Nc3 e5 8. e4 exd4 9. Nxd4 Re8 10. h3 a6 11. Re1 Rb8 12. Bg5 Ne5 13. b3 c6 14.
Nde2 Qc7 15. Rc1 Bxh3 16. Bxf6 Bxg2 17. Bxe5 Bf3 18. Bxg7 Qd7 19. Qd3 Qg4 20. Nd4 1-0

[Event "*** Titled Tuesday Blitz"]
[Site "Chess.com"]
[Date "2020.10.20"]
[Round "7"]
[White "dropstoneDP"]
[Black "Savagelittlemole"]
[Result "1-0"]
[WhiteElo "2842"]
[BlackElo "2614"]
[TimeControl "180+1"]
[EndTime "11:18:10 PDT"]
[Termination "dropstoneDP won by checkmate"]

1. e4 c5 2. Nf3 d6 3. d4 cxd4 4. Nxd4 Nf6 5. Nc3 a6 6. Rg1 h5 7. Bg5 Nbd7 8. Qd2 Nh7 9. Be3 Nc5 10. O-O-O Be6 11. f4 Nf6 12. e5 dxe5 13. fxe5 Ng4 14. Bf4 Qa5 15. h3 Nh6 16. Nxe6 fxe6 17. Be2 Nf5 18. g4 hxg4 19. hxg4 Nh6 20. Rh1 Rd8 21. Qe3 Rxd1+ 22. Rxd1 Nf7 23. Bb5+ axb5 24. Qxc5 Nh6 25. g5 Nf5 26. g6 Nd6 27. exd6 exd6 28. Qc8+ Ke7 29. Bg5# 1-0

[Event "*** Titled Tuesday Blitz"]
[Site "Chess.com"]
[Date "2020.10.20"]
[Round "7"]
[White "AndrewDGreen"]
[Black "Lion-Al-Messi"]
[Result "0-1"]
[WhiteElo "2394"]
[BlackElo "2563"]
[TimeControl "180+1"]
[EndTime "11:18:13 PDT"]
[Termination "Lion-Al-Messi won by resignation"]

1. d4 b6 2. e4 Bb7 3. Bd3 e6 4. Nf3 c5 5. c3 Nf6 6. Qe2 Be7 7. O-O Nc6 8. e5 Nd5 9. dxc5 bxc5 10. c4 Nc7 11. Nc3 f5 12. Rd1 Nd4 13. Nxd4 cxd4 14. Nb5 Nxb5 15. cxb5 Bc5 16. a3 Qh4 17. b4 Bb6 18. a4 f4 19. Be4 Bxe4 20. Qxe4 O-O 21. a5 Bc7 22. Rxd4 Rf5 23. Bxf4 Bxe5 24. Qxa8+ Rf8 25.
Bxe5 Qxf2+ 26. Kh1 Rxa8 27. Rxd7 Qf5 28. Rxg7+ Kf8 29.
Re1 Rd8 30. b6 Qxe5 0-1

[Event "*** Titled Tuesday Blitz"]
[Site "Chess.com"]
[Date "2020.10.20"]
[Round "7"]
[White "catzapto"]
[Black "jamalm2"]
[Result "1-0"]
[WhiteElo "2144"]
[BlackElo "1824"]
[TimeControl "180+1"]
[EndTime "11:18:13 PDT"]
[Termination "catzapto won on time"]

1. e4 c5 2. Nf3 e6 3. c3 b6 4. d4 cxd4 5. cxd4 Bb7 6. Nc3 Nf6 7.
Bd3 Bb4 8. e5 Nd5 9. Bd2 Nxc3 10. bxc3 Be7 11. O-O h6 12. a4 O-O 13. Ne1 d6 14. f4 dxe5 15. fxe5 Nc6 16. Qg4 Kh8 17.
Qe4 g6 18. Bxh6 Qc7 19. Bxf8 Nb4 20. Qg4 Bxf8 21. cxb4 Bg7 22. Nf3 Kg8 23. Ng5 1-0

[Event "*** Titled Tuesday Blitz"]
[Site "Chess.com"]
[Date "2020.10.20"]
[Round "7"]
[White "nitpicker"]
[Black "Ariadna_Atreides"]
[Result "1-0"]
[WhiteElo "2293"]
[BlackElo "2060"]
[TimeControl "180+1"]
[EndTime "11:18:15 PDT"]
[Termination "nitpicker won by resignation"]

1. d4 Nf6 2. c4 e6 3. g3 d5 4. Nf3 Be7 5. Bg2 O-O 6. O-O c6 7. Qc2 b6 8. Rd1 Bb7 9. Nc3 dxc4 10. Ne5 b5 11. Nxb5 Nd5 12. Nc3 Nb6 13. Na4 Qc7 14. Nxc4 Nxa4 15. Qxa4 c5 16. Bf4 Qc8 17. Bd6 Bxg2 18.
Bxe7 Bc6 19. Qa3 cxd4 20. Bxf8 Qxf8 21. Qxf8+ Kxf8 22. Rxd4 Na6 23. a3 Ke7 24. Rc1 e5 25. Nxe5 Bb5 26. Nc6+ Ke6 27. a4 Bxc6 28. Rxc6+ Ke5 29.
e3 Nb8 30. Rc8 1-0

[Event "*** Titled Tuesday Blitz"]
[Site "Chess.com"]
[Date "2020.10.20"]
[Round "7"]
[White "Zmof"]
[Black "brunomorado"]
[Result "0-1"]
[WhiteElo "2170"]
[BlackElo "2317"]
[TimeControl "180+1"]
[EndTime "11:18:18 PDT"]
[Termination "brunomorado won by checkmate"]

1. e4 c5 2. Nf3 Nc6 3. Bb5 Nd4 4. Ba4 g6 5. c3 Nxf3+ 6. Qxf3 Bg7 7. O-O e6 8. Rd1 Ne7 9. d4 cxd4 10. cxd4 O-O 11.
Nc3 d6 12. Be3 Bd7 13. Bb3 Rc8 14. Rac1 Nc6 15. Qg3 Qe7 16. Nb5 e5 17. Nc3 Nxd4 18. Bxd4 exd4 19. Nd5 Qxe4 20. Qxd6 Rxc1 21. Rxc1 Re8 22. f3 Qe6 23. Nf6+ Qxf6 24. Qxd7 Qe7 25. Rc7 Qe1# 0-1

[Event "*** Titled Tuesday Blitz"]
[Site "Chess.com"]
[Date "2020.10.20"]
[Round "7"]
[White "juancruzarias"]
[Black "ChessQueen"]
[Result "0-1"]
[WhiteElo "2545"]
[BlackElo "2708"]
[TimeControl "180+1"]
[EndTime "11:18:19 PDT"]
[Termination "ChessQueen won by resignation"]

1. e4 c6 2. Nc3 d5 3. Nf3 dxe4 4.
Nxe4 Nf6 5. Qe2 Nxe4 6. Qxe4 Nd7 7. Bc4 Nf6 8. Ne5 e6 9. Qe2 b5 10. Bb3 Qc7 11. d4 Bd6 12. Bf4 O-O 13. O-O a5 14. c3 c5 15. dxc5 Qxc5 16. Rad1 Bc7 17. Nd3 Qb6 18. Bxc7 Qxc7 19. a3 Bb7 20. Qe5 Qc6 21.
f3 Rad8 22. Nf4 Qb6+ 23. Kh1 Nd7 24. Qg5 h6 25. Qg3 Nf6 26. Bc2 Qe3 27. Nd3 Nd5 28.
Qf2 Qxf2 29. Rxf2 Ne3 30. Rfd2 Nxd1 31. Bxd1 Rd6 32. Kg1 Rfd8 33. Be2 e5 34. Kf2 e4 35. fxe4 Bxe4 36. Ke3 Bg6 37. b4 axb4 38. axb4 Re8+ 39. Kf2 Rc8 40. Ke3 Rxc3 41. g3 Rb3 42. h4 Kf8 43. g4 Bxd3 44. Bxd3 Rxb4 0-1

[Event "*** Titled Tuesday Blitz"]
[Site "Chess.com"]
[Date "2020.10.20"]
[Round "7"]
[White "Me_ch_an"]
[Black "jacky72"]
[Result "1-0"]
[WhiteElo "2382"]
[BlackElo "2553"]
[TimeControl "180+1"]
[EndTime "11:18:19 PDT"]
[Termination "Me_ch_an won by checkmate"]

1. e4 a6 2. c4 g6 3. Nc3 Bg7 4.
g3 c5 5. d3 Nc6 6. Be3 Nd4 7.
Qd2 b5 8. Bg2 b4 9. Nce2 Nxe2 10. Nxe2 d6 11. d4 cxd4 12. Nxd4 Nf6 13. e5 dxe5 14.
Bxa8 exd4 15. Qxd4 Qc7 16. Qb6 Qxb6 17. Bxb6 Nd7 18.
Be3 Bxb2 19. Rb1 Bf6 20. O-O a5 21. c5 O-O 22. Rfd1 Ne5 23. Bh6 Re8 24. f4 Bf5 25. fxe5 Bxb1 26. exf6 exf6 27. Rxb1 Rxa8 28. c6 f5 29. Bf4 f6 30. c7 Kf7 31. Rd1 g5 32. Rd8 Rxd8 33. cxd8=Q gxf4 34. gxf4 a4 35. Qa5 b3 36.
axb3 a3 37. Qxa3 Kg6 38. Qd6 h6 39. b4 Kh5 40. Qxf6 Kg4 41. Qxh6 Kf3 42. Qg5 Ke2 43. b5 Kf3 44. b6 Ke3 45. b7 Ke2 46. b8=Q Kf3 47.
Qb3+ Ke2 48. Qg2+ Ke1 49. Qf2# 1-0

[Event "*** Titled Tuesday Blitz"]
[Site "Chess.com"]
[Date "2020.10.20"]
[Round "7"]
[White "PavelShkapenko"]
[Black "FMJoseHerrera"]
[Result "1-0"]
[WhiteElo "2708"]
[BlackElo "2539"]
[TimeControl "180+1"]
[EndTime "11:18:24 PDT"]
[Termination "PavelShkapenko won by resignation"]

1. e4 c5 2. c3 Qa5 3. Nf3 e6 4. a3 a6 5. d4 cxd4 6. b4 Qc7 7. cxd4 b5 8. Bd3 Bb7 9. O-O Nf6 10. Re1 d6 11.
Bg5 Nbd7 12. Nbd2 Be7 13. Rc1 Qb6 14. Nf1 O-O 15. Qe2 Rac8 16. Ng3 h6 17. Be3 Ng4 18. Bd2 Rxc1 19. Bxc1 Rc8 20. h3 Ngf6 21. e5 dxe5 22. dxe5 Ne8 23. Be3 Qc6 24. Rc1 Qd5 25. Be4 Rxc1+ 26.
Bxc1 Nxe5 27. Bxd5 Nxf3+ 28. Bxf3 1-0

[Event "*** Titled Tuesday Blitz"]
[Site "Chess.com"]
[Date "2020.10.20"]
[Round "7"]
[White "GameOverBro"]
[Black "boasovietica"]
[Result "0-1"]
[WhiteElo "2510"]
[BlackElo "2396"]
[TimeControl "180+1"]
[EndTime "11:18:24 PDT"]
[Termination "boasovietica won by resignation"]

1. e4 e5 2. Nf3 Nc6 3. Bb5 a6 4. Ba4 Nf6 5. d4 exd4 6. O-O d6 7. Nxd4 Bd7 8. Nc3 b5 9. Nxc6 Bxc6 10. Bb3 Be7 11.
Re1 O-O 12. Bf4 Re8 13. Qd2 a5 14. a4 b4 15. Nd5 Nxd5 16. Bxd5 Bxd5 17. Qxd5 Bf6 18.
Rab1 Qb8 19. b3 Qb6 20. Rbd1 h6 21. h3 Rad8 22. Qf5 Bd4 23. Bg3 Re6 24. Bh4 Rde8 25. Re2 Re5 26. Qf3 f5 27. Bg3 Rxe4 28. Rxe4 fxe4 29.
Qh5 Re5 30. Bxe5 Bxe5 31. Re1 Qc6 32. Re2 Qd5 33. Qg4 Qd1+ 0-1

[Event "*** Titled Tuesday Blitz"]
[Site "Chess.com"]
[Date "2020.10.20"]
[Round "7"]
[White "TheBigBoss04"]
[Black "Infernal_XaM"]
[Result "0-1"]
[WhiteElo "2737"]
[BlackElo "2868"]
[TimeControl "180+1"]
[EndTime "11:18:25 PDT"]
[Termination "Infernal_XaM won by resignation"]

1. Nf3 Nf6 2. g3 b5 3. Bg2 a5 4. O-O g6 5. Na3 c6 6. c4 b4 7. Nc2 Bg7 8. d4 d5 9. b3 O-O 10. Ne5 Nfd7 11. Bf4 Nxe5 12. Bxe5 Bxe5 13. dxe5 dxc4 14.
bxc4 Be6 15. Qc1 Qc7 16. Nd4 Qxe5 17. Rd1 Ra6 18. a3 c5 19. Nxe6 Qxe6 20. axb4 cxb4 21.
c5 Rc8 22. Bb7 Ra7 23. Bxc8 Qxc8 24. Qc4 Nc6 25. Qb5 Rb7 26. Qc4 Qf5 27. Rd5 Qf6 28.
Rad1 Kg7 29. Qa6 Rb8 30. e4 b3 31. f4 b2 32. e5 Qe6 33. Qf1 b1=Q 34. Rxb1 Rxb1 35.
Qxb1 Qxd5 36. Qxg6+ 0-1

[Event "*** Titled Tuesday Blitz"]
[Site "Chess.com"]
[Date "2020.10.20"]
[Round "7"]
[White "PLAYER_2006_M"]
[Black "vovachesss"]
[Result "0-1"]
[WhiteElo "2532"]
[BlackElo "2694"]
[TimeControl "180+1"]
[EndTime "11:18:26 PDT"]
[Termination "vovachesss won by resignation"]

1. d4 e5 2. dxe5 d6 3. Nf3 Nc6 4. Bg5 Qd7 5. exd6 Bxd6 6. Nc3 Nge7 7. Ne4 Bb4+ 8. c3 Qe6 9. cxb4 Qxe4 10. a3 Bg4 11. h3 Bxf3 12. gxf3 Qe5 13. Bxe7 Nxe7 14. Qc2 O-O-O 15. e3 Nf5 16. f4 Nxe3 17. fxe3 Qxe3+ 18. Qe2 Qg3+ 19. Qf2 Rhe8+ 20. Be2 Rxe2+ 21. Kxe2 Qd3+ 0-1

[Event "*** Titled Tuesday Blitz"]
[Site "Chess.com"]
[Date "2020.10.20"]
[Round "7"]
[White "DinaBelenkaya"]
[Black "Gerodot71"]
[Result "0-1"]
[WhiteElo "2285"]
[BlackElo "2459"]
[TimeControl "180+1"]
[EndTime "11:18:28 PDT"]
[Termination "Gerodot71 won by resignation"]

1. e4 e5 2. Nf3 Nc6 3. d4 exd4 4.
Nxd4 Bc5 5. Nb3 Bb6 6. Nc3 Nge7 7. Be2 O-O 8. O-O d6 9. a4 a5 10. Kh1 f5 11. Bg5 h6 12. Be3 Bxe3 13. fxe3 Ne5 14. Nd4 Bd7 15. exf5 Nxf5 16. Nxf5 Bxf5 17. Qd5+ Kh8 18. e4 Bc8 19. Rxf8+ Qxf8 20. Rf1 Qe7 21. Bc4 Nxc4 22. Qxc4 Be6 23. Nd5 Bxd5 24. Qxd5 Rf8 25. Rxf8+ Qxf8 26. Kg1 b6 27. Qe6 Qf4 28. h3 Qc1+ 29. Kh2 Qf4+ 30. Kg1 Qc1+ 31. Kh2 Qxc2 32. Qc8+ Kh7 33. Qf5+ Kg8 34. Qe6+ Kf8 35. Qf5+ Ke7 36. e5 Qxf5 0-1

[Event "*** Titled Tuesday Blitz"]
[Site "Chess.com"]
[Date "2020.10.20"]
[Round "7"]
[White "margarita_2703"]
[Black "tlomigtlis"]
[Result "0-1"]
[WhiteElo "2407"]
[BlackElo "2574"]
[TimeControl "180+1"]
[EndTime "11:18:30 PDT"]
[Termination "tlomigtlis won by resignation"]

1. Nf3 Nf6 2. d4 d5 3. c4 c6 4. Nc3 e6 5. e3 a6 6. Bd3 dxc4 7.
Bxc4 b5 8. Bd3 c5 9. O-O Bb7 10. b3 Nbd7 11. Bb2 Bd6 12. Qe2 O-O 13. Rad1 Qb8 14.
h3 Re8 15. e4 cxd4 16. Nxd4 Nc5 17. Rfe1 b4 18. Na4 Ncxe4 19. Bxe4 Nxe4 20. Nb6 Ng5 21. Nxa8 Qxa8 22. Qg4 h6 23. Nxe6 Nxe6 24. Rxe6 Bf8 25. Rxe8 Qxe8 26. Qd7 Qe4 27. Qg4 Qc2 28. Be5 f5 29.
Qh5 Qe4 30. f3 Qxe5 31. Rd7 Bc6 32. Qf7+ Kh7 33. Rd8 Bc5+ 34. Kf1 Bb5+ 0-1

[Event "*** Titled Tuesday Blitz"]
[Site "Chess.com"]
[Date "2020.10.20"]
[Round "7"]
[White "Omk124"]
[Black "zmeeed67"]
[Result "1-0"]
[WhiteElo "2493"]
[BlackElo "2352"]
[TimeControl "180+1"]
[EndTime "11:18:30 PDT"]
[Termination "Omk124 won by resignation"]

1. e4 Nc6 2. Nf3 d6 3. d4 Nf6 4. Nc3 Bg4 5. Be3 a6 6. h3 Bh5 7.
a4 e5 8. dxe5 dxe5 9. Be2 Bb4 10. Bd2 O-O 11. O-O Bxc3 12. Bxc3 Nxe4 13. Bxe5 Qxd1 14. Bxd1 Nxe5 15. Nxe5 Bxd1 16. Raxd1 Rad8 17. Rfe1 Nd6 18. b3 Rfe8 19. Kf1 Kf8 20. f3 f6 21. Nd3 Rxe1+ 22. Kxe1 b6 23. a5 Nf5 24. axb6 cxb6 25. Ra1 a5 26. Ra4 Ne3 27. Kd2 Nd5 28. Rc4 Nb4 29. Rc7 Re8 30. Nxb4 axb4 31. Rc4 Re6 32. Rxb4 Ke7 33. Re4 Rxe4 34. fxe4 Kd6 35. Kd3 Ke5 36.
Ke3 g6 37. c4 Kd6 38. Kd4 Kc6 39.
b4 Kd6 40. b5 h5 41. h4 g5 42. hxg5 fxg5 43. e5+ Ke6 44. Ke4 g4 45. c5 bxc5 46. b6 Kd7 47. e6+ 1-0

[Event "*** Titled Tuesday Blitz"]
[Site "Chess.com"]
[Date "2020.10.20"]
[Round "7"]
[White "suyu28"]
[Black "Radzio1987"]
[Result "1-0"]
[WhiteElo "2623"]
[BlackElo "2789"]
[TimeControl "180+1"]
[EndTime "11:18:33 PDT"]
[Termination "suyu28 won by resignation"]

1. e4 c6 2. d4 d5 3. exd5 cxd5 4. Bd3 Nc6 5. c3 e6 6. Ne2 Bd6 7. Bf4 Nge7 8. O-O O-O 9. Nd2 f6 10. Bxd6 Qxd6 11. f4 Bd7 12. Nf3 Be8 13. Qd2 Bh5 14. Rae1 Rae8 15. Kh1 a6 16. Ng3 Bg6 17. Bxg6 Nxg6 18.
f5 exf5 19. Nxf5 Qd7 20. g4 Rxe1 21. Rxe1 Nge7 22. N3h4 g6 23. Nh6+ Kg7 24. Rg1 Nd8 25.
N4f5+ Nxf5 26. gxf5 g5 27. h4 Kxh6 28. Rxg5 Nf7 29.
Rg6+ Kh5 30. Qd1+ 1-0

[Event "*** Titled Tuesday Blitz"]
[Site "Chess.com"]
[Date "2020.10.20"]
[Round "7"]
[White "korkmaz16"]
[Black "EvgenyRomanov"]
[Result "0-1"]
[WhiteElo "2358"]
[BlackElo "2578"]
[TimeControl "180+1"]
[EndTime "11:18:35 PDT"]
[Termination "EvgenyRomanov won on time"]

1. e4 c5 2. Nc3 d6 3. f4 g6 4. Nf3 Bg7 5. Bc4 e6 6. O-O Ne7 7. d3 O-O 8. Qe1 d5 9. Bb3 Nbc6 10. f5 c4 11. dxc4 dxe4 12. f6 Bxf6 13. Nxe4 Bg7 14. Bg5 f6 15. Bh4 Nf5 16. Rd1 Qe7 17. Bf2 b6 18. c5 Kh8 19. cxb6 axb6 20. Bxb6 Qb7 21. Bc5 Re8 22. Nd6 Nxd6 23. Rxd6 Na5 24.
Bxe6 Qc7 25. b4 Nb7 26. Qg3 Nxc5 27. Bxc8 Ne4 28. Rd7 Qb6+ 0-1

[Event "*** Titled Tuesday Blitz"]
[Site "Chess.com"]
[Date "2020.10.20"]
[Round "7"]
[White "rasmussvane"]
[Black "731291"]
[Result "1-0"]
[WhiteElo "2892"]
[BlackElo "2628"]
[TimeControl "180+1"]
[EndTime "11:18:36 PDT"]
[Termination "rasmussvane won by resignation"]

1. Nf3 c5 2. c4 Nc6 3. Nc3 e5 4. e3 f6 5. d4 cxd4 6. exd4 Bb4 7. Be2 d6 8. O-O Bxc3 9. bxc3 Nge7 10. Ba3 O-O 11. d5 Na5 12. c5 Bg4 13. cxd6 Nf5 14. Qa4 Bxf3 15. Bxf3 b6 16. d7 Rf7 17. d6 Rb8 18.
Bd5 Kf8 19. Bxf7 Kxf7 20. Qe4 g6 21. g4 Ng7 22. f4 exf4 23. Qe7+ Kg8 24. Rxf4 f5 25.
gxf5 Nxf5 26. Rxf5 gxf5 27. Kf2 Qf8 28. Rg1+ Kh8 29. Qe5+ 1-0

[Event "*** Titled Tuesday Blitz"]
[Site "Chess.com"]
[Date "2020.10.20"]
[Round "7"]
[White "dretch"]
[Black "elcandado"]
[Result "1-0"]
[WhiteElo "2812"]
[BlackElo "2587"]
[TimeControl "180+1"]
[EndTime "11:18:37 PDT"]
[Termination "dretch won by checkmate"]

1. d4 Nf6 2. c4 e6 3. Nc3 Bb4 4. Qc2 b6 5. e4 c5 6. a3 Bxc3+ 7. bxc3 Bb7 8. d5 e5 9. Bd3 d6 10. Ne2 O-O 11. O-O Nbd7 12. Ng3 Re8 13. f4 exf4 14. Bxf4 Ng4 15. Nf5 Nde5 16. Be2 Nf6 17. Bg5 Bc8 18. Nxg7 Kxg7 19. Bxf6+ Qxf6 20. Rxf6 Kxf6 21. Rf1+ Ke7 22. Qd2 Rg8 23. Qh6 Bg4 24. Qh4+ Ke8 25. Qxh7 Ke7 26.
Rxf7+ Nxf7 27. Qh4+ Rg5 28. Bxg4 Rg8 29. Be6 Rg6 30. g3 Ne5 31. Kg2 Rg7 32. Qh8 Nd3 33. Bf5 Kf6 34. Qf8+ Rf7 35. Qh6+ Ke5 36. Qe6# 1-0

[Event "*** Titled Tuesday Blitz"]
[Site "Chess.com"]
[Date "2020.10.20"]
[Round "7"]
[White "capatl"]
[Black "Quiet_Desperation"]
[Result "1-0"]
[WhiteElo "2518"]
[BlackElo "1840"]
[TimeControl "180+1"]
[EndTime "11:18:37 PDT"]
[Termination "capatl won by resignation"]

1. c4 Nf6 2. Nc3 e6 3. g3 d5 4. cxd5 exd5 5. d4 Bb4 6. Bg2 c6 7. Nf3 O-O 8. O-O Nbd7 9. a3 Bd6 10. Bg5 h6 11. Bxf6 Nxf6 12. b4 Re8 13. e3 Bf5 14. b5 Qa5 15. Qb3 Bd3 16. Nxd5 Bxf1 17. Nxf6+ gxf6 18. Bxf1 cxb5 19. Bxb5 Re7 20. a4 Rc8 21.
Bc4 Rec7 22. Bd5 Qa6 23. Kg2 Rc1 24. Rxc1 Rxc1 25. Bxf7+ Kg7 26. Nh4 Qf1+ 27. Kf3 Qd1+ 28. Qxd1 Rxd1 29. Bd5 Rb1 30. Nf5+ Kf8 31. Nxd6 Rb4 32.
Nxb7 Rxa4 33. Nc5 Rb4 34. Ne6+ Ke7 35. Nf4 a5 36. Be4 a4 37. Nd5+ 1-0

[Event "*** Titled Tuesday Blitz"]
[Site "Chess.com"]
[Date "2020.10.20"]
[Round "7"]
[White "davidkalashian"]
[Black "GMKrikor"]
[Result "0-1"]
[WhiteElo "2606"]
[BlackElo "2796"]
[TimeControl "180+1"]
[EndTime "11:18:39 PDT"]
[Termination "GMKrikor won on time"]

1. d4 Nf6 2. c4 g6 3. Nc3 d5 4. Bf4 Bg7 5. e3 O-O 6. Rc1 Be6 7. c5 c6 8. Nf3 Bg4 9. Be2 Nfd7 10. O-O Bxf3 11.
Bxf3 e5 12. Bg3 Re8 13. b4 exd4 14. exd4 Nf8 15. Ne2 Ne6 16. h4 Nd7 17. a4 h5 18.
b5 Bf6 19. Rb1 Bxh4 20. Bd6 Be7 21. Bh2 Bf6 22. Qd2 Ng5 23. Qf4 Nf8 24. bxc6 bxc6 25.
Rb7 Nfe6 26. Qg3 Nxd4 27. Nxd4 Bxd4 28. Qf4 Qf6 29. Qxf6 Bxf6 0-1

[Event "*** Titled Tuesday Blitz"]
[Site "Chess.com"]
[Date "2020.10.20"]
[Round "7"]
[White "Rud_Makarian"]
[Black "11kevin"]
[Result "1-0"]
[WhiteElo "2755"]
[BlackElo "2580"]
[TimeControl "180+1"]
[EndTime "11:18:40 PDT"]
[Termination "Rud_Makarian won by checkmate"]

1. d4 Nf6 2. c4 e6 3. Nf3 b6 4.
g3 Bb7 5. Bg2 Be7 6. O-O O-O 7. Re1 Ne4 8. Nfd2 f5 9. Qc2 d5 10.
Nc3 Bf6 11. cxd5 exd5 12. Nf3 c5 13. dxc5 bxc5 14. Bf4 d4 15. Qb3+ Rf7 16. Nxe4 fxe4 17. Ne5 Bxe5 18. Bxe5 Bd5 19. Qb5 Nd7 20. Bf4 Qb6 21.
Qa4 c4 22. Rad1 Raf8 23. Qa3 Rxf4 24. gxf4 Rxf4 25. e3 Rg4 26. Qe7 Nf6 27. Rxd4 h6 28. Red1 Rg5 29. h4 Rh5 30. Bh3 Bf7 31. Rd8+ Kh7 32.
Qxf7 Qc5 33. Qxf6 gxf6 34. R1d7+ Kg6 35. Rg8# 1-0

[Event "*** Titled Tuesday Blitz"]
[Site "Chess.com"]
[Date "2020.10.20"]
[Round "7"]
[White "ftorodent"]
[Black "KaterinaMiroshnik"]
[Result "1-0"]
[WhiteElo "2671"]
[BlackElo "2479"]
[TimeControl "180+1"]
[EndTime "11:18:40 PDT"]
[Termination "ftorodent won by resignation"]

1. d4 e6 2. c4 Nf6 3. Nf3 Bb4+ 4. Bd2 Be7 5. Bf4 O-O 6. Nc3 b6 7. e4 Bb7 8. e5 Ne4 9. Bd3 Nxc3 10. bxc3 f5 11. O-O d6 12. exd6 cxd6 13. Re1 Rf6 14. Bg5 Rf7 15. Bxe7 Qxe7 16. Qe2 Rf6 17. Ng5 Rg6 18.
f4 Nd7 19. Bxf5 Rf6 20. Bxe6+ Kh8 21. Qh5 h6 22. Bd5 1-0

[Event "*** Titled Tuesday Blitz"]
[Site "Chess.com"]
[Date "2020.10.20"]
[Round "7"]
[White "Chessmatus"]
[Black "ScarpaChess"]
[Result "1-0"]
[WhiteElo "2370"]
[BlackElo "2409"]
[TimeControl "180+1"]
[EndTime "11:18:41 PDT"]
[Termination "Chessmatus won by resignation"]

1. e4 c5 2. Nf3 d6 3. d4 cxd4 4. Nxd4 Nf6 5. Nc3 a6 6. Be3 e6 7. f3 b5 8. Qd2 Bb7 9. g4 Nfd7 10. a3 Nb6 11. h4 N8d7 12. Qf2 Rc8 13. g5 d5 14. Bd3 b4 15. axb4 Bxb4 16. Rd1 O-O 17. g6 hxg6 18. h5 g5 19. Rg1 Be7 20. h6 gxh6 21. Qh2 Kg7 22. f4 dxe4 23. fxg5 hxg5 24.
Bxe4 Re8 1-0

[Event "*** Titled Tuesday Blitz"]
[Site "Chess.com"]
[Date "2020.10.20"]
[Round "7"]
[White "Ze-Pequeno"]
[Black "Eliwood44"]
[Result "0-1"]
[WhiteElo "2226"]
[BlackElo "2442"]
[TimeControl "180+1"]
[EndTime "11:18:41 PDT"]
[Termination "Eliwood44 won by resignation"]

1. e4 e5 2. Nf3 Nc6 3. Nc3 Nf6 4. d4 exd4 5. Nxd4 Nxe4 6. Nxe4 Qe7 7. f3 d5 8. Bb5 Bd7 9. Bxc6 bxc6 10. O-O dxe4 11. fxe4 c5 12. Nf5 Qe6 13. Bf4 O-O-O 14. Qe2 g6 15. Ne3 Qxe4 16. Qa6+ Qb7 17. Qa5 Bg7 18.
Nc4 Bc6 19. Rf2 Rhe8 20. c3 Re4 21. Qxc5 Rd5 22. Qa3 Rxc4 23. Re1 Rf5 24. g3 Qb6 25. Be3 Qa5 26. Qe7 Rxf2 27. Bxf2 Qd5 28. Qxc7+ Kxc7 29. Re7+ Kc8 30. Rc7+ Kxc7 31. Bb6+ axb6 0-1

[Event "*** Titled Tuesday Blitz"]
[Site "Chess.com"]
[Date "2020.10.20"]
[Round "7"]
[White "glebus008"]
[Black "Sokoloco"]
[Result "0-1"]
[WhiteElo "2336"]
[BlackElo "2481"]
[TimeControl "180+1"]
[EndTime "11:18:43 PDT"]
[Termination "Sokoloco won by resignation"]

1. e4 g6 2. d4 Bg7 3. Nc3 d6 4.
h3 a6 5. Nf3 b5 6. Be3 Bb7 7.
Bd3 Nd7 8. Qd2 c5 9. d5 c4 10. Be2 b4 11. Na4 Qa5 12. Bxc4 Qxa4 13. Bb3 Qa5 14. O-O-O Ngf6 15. e5 dxe5 16. d6 Ne4 17.
Qd3 Nxd6 18. Ng5 Rd8 19. Nxf7 Nxf7 20. Bxf7+ Kxf7 21. Qb3+ e6 22. Rd6 Bd5 23. Rxd5 exd5 24. Rd1 Nf6 25. Bg5 Rd7 26. Bxf6 Bxf6 27. Qf3 0-1

[Event "*** Titled Tuesday Blitz"]
[Site "Chess.com"]
[Date "2020.10.20"]
[Round "7"]
[White "Oglob71"]
[Black "coco_crc"]
[Result "1-0"]
[WhiteElo "2445"]
[BlackElo "2199"]
[TimeControl "180+1"]
[EndTime "11:18:44 PDT"]
[Termination "Oglob71 won by resignation"]

1. d4 d5 2. Nf3 Nf6 3. c4 e6 4.
Qc2 Be7 5. Bg5 h6 6. Bh4 Nbd7 7. e3 c5 8. cxd5 Nxd5 9. Bxe7 Qxe7 10. Bc4 O-O 11.
O-O cxd4 12. Bxd5 exd5 13. Nxd4 Nf6 14. Nc3 Be6 15. Rad1 Rac8 16. Qa4 a6 17. h3 Rfd8 18. Rc1 Rc4 19. Qb3 Rdc8 20. Nce2 Qc5 21. Rxc4 Qxc4 22. Qxc4 Rxc4 23. Rc1 Kf8 24. b3 Rxc1+ 25. Nxc1 Ke7 26. f3 Kd6 27. Kf2 Nd7 28. Nd3 Ne5 29. Ke2 Nxd3 30.
Kxd3 Bd7 31. b4 g5 32. a3 Ke5 33. g4 Kd6 34. Ke2 Ke5 35. Kf2 f6 36. Kg3 f5 37. gxf5 Bxf5 38. h4 Bd7 39. hxg5 hxg5 40.
Nb3 Bc6 41. Kf2 Ba4 42. Nc5 Bc6 43. Ke2 d4 44. e4 Kf4 45. Nd3+ Kg3 46. Ne5 Be8 47.
Kd3 Kf4 48. Kxd4 g4 49. fxg4 Bd7 1-0

[Event "*** Titled Tuesday Blitz"]
[Site "Chess.com"]
[Date "2020.10.20"]
[Round "7"]
[White "Astaneh"]
[Black "giantslayer83"]
[Result "0-1"]
[WhiteElo "2545"]
[BlackElo "2714"]
[TimeControl "180+1"]
[EndTime "11:18:46 PDT"]
[Termination "giantslayer83 won on time"]

1. e4 c6 2. Nf3 d5 3. Nc3 Bg4 4. h3 Bxf3 5. Qxf3 e6 6. g3 Nd7 7. Bg2 g6 8. O-O Bg7 9. Re1 Ne7 10. d4 O-O 11. Be3 c5 12. Ne2 cxd4 13. Bxd4 e5 14. Bc3 d4 15. Bb4 Re8 16. c3 Nc6 17. Ba3 dxc3 18. Nxc3 Nd4 19. Qd3 Bf8 20. Bxf8 Kxf8 21.
Nd5 Nf6 22. f4 Nxd5 23. exd5 Qb6 24. Kh1 exf4 25. gxf4 Nf5 26. Qc3 Kg8 27. Re5 Rac8 28.
Qd2 f6 29. Re6 Qd4 30. Qe1 Kf7 31. Rd1 Qxf4 32. Qe2 Ng3+ 0-1